 Dungeon Crawl Stone Soup version 0.27.1 (webtiles) character file.

Game seed: 10368277146695855773

227 a11behringer the Grasshopper (level 6, -1/50 HPs)
             Began as a Gnoll Warper on Aug 21, 2021.
             Slain by a quokka zombie (2 damage)
             ... on level 4 of the Dungeon.
             The game lasted 00:11:35 (2902 turns).

a11behringer the Grasshopper (Gnoll Warper)         Turns: 2902, Time: 00:11:35

Health: -1/50      AC: 10    Str: 12    XL:     6   Next: 2%
Magic:  13/13      EV:  7    Int: 12    God:
Gold:   131        SH:  0    Dex: 18    Spells: 15/15 levels left

rFire    . . .     SeeInvis .   l - +2 short sword (speed)
rCold    . . .     Faith    .   (no shield)
rNeg     . . .     Spirit   .   s - +0 chain mail
rPois    .         Reflect  .   (no helmet)
rElec    .         Harm     .   (no cloak)
rCorr    .         Rampage  .   u - +0 pair of gloves
Will     .....                  (no boots)
Stlth    ..........             (no amulet)
HPRegen  0.16/turn              w - +6 ring of dexterity
MPRegen  0.13/turn              (no ring)

@: no status effects
A: fangs 1, strong nose, distributed training
a: no special abilities


You were on level 4 of the Dungeon.
You visited 1 branch of the dungeon, and saw 4 of its levels.

You collected 131 gold pieces.

Inventory:

Hand Weapons
 a - a +0 falchion
 g - a +1 hand axe of freezing
 l - a +2 short sword of speed (weapon)
Missiles
 d - 5 boomerangs of dispersal (quivered)
 k - 2 throwing nets
 t - 25 bolts
Armour
 b - a +0 leather armour
 s - a +0 chain mail (worn)
 u - a +0 pair of gloves (worn)
Jewellery
 w - a +6 ring of dexterity (left hand)
Scrolls
 c - a scroll of blinking
 e - a scroll of noise {unknown}
 f - a scroll of enchant armour {unknown}
 m - a scroll of immolation {unknown}
 n - 2 scrolls of magic mapping
 o - 2 scrolls of teleportation {unknown}
 q - a scroll of amnesia {unknown}
 r - a scroll of identify
Potions
 h - a potion of attraction {unknown}
 i - 4 potions of flight
 j - a potion of might
 v - a potion of magic {unknown}


   Skills:
 + Level 4.9 Fighting
 + Level 1.7 Short Blades
 + Level 4.9 Long Blades
 + Level 1.7 Axes
 + Level 1.7 Maces & Flails
 + Level 1.7 Polearms
 + Level 1.7 Staves
 + Level 1.7 Slings
 + Level 1.7 Bows
 + Level 1.7 Crossbows
 + Level 3.1 Throwing
 + Level 3.1 Armour
 + Level 4.9 Dodging
 + Level 1.7 Stealth
 + Level 1.7 Shields
 + Level 1.7 Unarmed Combat
 + Level 5.3 Spellcasting
 + Level 1.3 Conjurations
 + Level 1.3 Hexes
 + Level 1.3 Summonings
 + Level 1.3 Necromancy
 + Level 5.6 Translocations
 + Level 1.3 Transmutations
 + Level 1.3 Fire Magic
 + Level 1.3 Ice Magic
 + Level 1.3 Air Magic
 + Level 1.3 Earth Magic
 + Level 1.3 Poison Magic
 + Level 2.0 Invocations
 + Level 1.7 Evocations


You had 15 spell levels left.
You didn't know any spells.
Your spell library contained the following spells:

 Spells                   Type           Power      Damage    Failure   Level
 Blink                    Tloc           N/A        N/A       73%         2
 Gell's Gravitas          Tloc           8%         N/A       91%         3
 Lesser Beckoning         Tloc           8%         N/A       91%         3
 Teleport Other           Tloc           16%        N/A       91%         3
 Manifold Assault         Tloc           16%        N/A       100%        5


Dungeon Overview and Level Annotations

Branches:
Dungeon (4/15)
 Temple: D:4-7

Altars:
Cheibriados
Vehumet


Innate Abilities, Weirdness & Mutations

You have very sharp teeth.
Your uncanny sense of smell can sniff out nearby items.
Your experience applies equally to all skills.


Message History

The scorpion is moderately wounded.
The scorpion completely misses you.
You barely miss the scorpion.
You bite the scorpion, but do no damage.
The scorpion is moderately wounded.
The quokka zombie bites you but does no damage.
The scorpion closely misses you.
You closely miss the scorpion.
The scorpion is moderately wounded.
The quokka zombie bites you but does no damage.
You hit the scorpion but do no damage.
The scorpion is moderately wounded.
The scorpion stings you.
* * * LOW HITPOINT WARNING * * *
You hit the scorpion but do no damage. Your bite misses the scorpion.
The scorpion is moderately wounded.
The scorpion closely misses you.
The quokka zombie bites you but does no damage.
You hit the scorpion but do no damage.
The scorpion is moderately wounded.
The scorpion stings you but does no damage.
The quokka zombie bites you but does no damage.
You puncture the scorpion!
The scorpion is severely wounded.
The scorpion stings you but does no damage.
You closely miss the scorpion.
The scorpion is severely wounded.
The quokka zombie barely misses you.
You barely miss the scorpion.
You bite the scorpion, but do no damage.
The scorpion is severely wounded.
The scorpion stings you but does no damage.
The quokka zombie bites you but does no damage.
You hit the scorpion but do no damage. Your bite misses the scorpion.
The scorpion is severely wounded.
The scorpion stings you but does no damage.
You hit the scorpion but do no damage.
The scorpion is severely wounded.
The quokka zombie bites you.
You die...

.. #.### ....... ###....#
.......####......#...
..#.....#.......#.PP
#.....P..........P
##..P............#
##....P...........#
#..........@s.....#
###..........Z......#
#.<...#.............#
#....##.............#
#....##.............#
#..#................8...#
#..##.._................#
#......8...###....##....#
#>##..._...# ###### ..8.#


You could see a scorpion and a quokka zombie.

Vanquished Creatures
  A water moccasin zombie (D:4)
  A bullfrog zombie (D:4)
  A jelly (D:2)
  2 hound zombies (D:4)
  3 adders (D:2)
  2 worms (D:2)
  A dart slug (D:1)
  2 orcs (D:3)
  5 bats
  4 endoplasms
  4 goblins
  4 hobgoblins
  2 jackals (D:3)
  7 kobolds
  A quokka (D:2)
  3 ball pythons
  4 frilled lizards (D:2)
  3 rats
50 creatures vanquished.

Vanquished Creatures (others)
  A withered plant (D:4)
1 creature vanquished.

Grand Total: 51 creatures vanquished

Notes
Turn   | Place    | Note
-------+----------+-------------------------------------------
     0 | D:1      | a11behringer the Gnoll Warper began the quest for the Orb.
     0 | D:1      | Reached XP level 1. HP: 20/20 MP: 6/6
   578 | D:1      | Reached XP level 2. HP: 26/26 MP: 7/7
   643 | D:1      | Found a faded altar of an unknown god.
  1372 | D:2      | Reached skill level 5 in Spellcasting
  1372 | D:2      | Reached XP level 3. HP: 31/31 MP: 7/9
  1581 | D:2      | Reached skill level 1 in Short Blades
  1581 | D:2      | Reached skill level 1 in Axes
  1581 | D:2      | Reached skill level 1 in Maces & Flails
  1581 | D:2      | Reached skill level 1 in Polearms
  1581 | D:2      | Reached skill level 1 in Staves
  1581 | D:2      | Reached skill level 1 in Slings
  1581 | D:2      | Reached skill level 1 in Bows
  1581 | D:2      | Reached skill level 1 in Crossbows
  1581 | D:2      | Reached skill level 1 in Stealth
  1581 | D:2      | Reached skill level 1 in Shields
  1581 | D:2      | Reached skill level 1 in Unarmed Combat
  1581 | D:2      | Reached skill level 1 in Invocations
  1581 | D:2      | Reached skill level 1 in Evocations
  1581 | D:2      | Reached XP level 4. HP: 27/38 MP: 11/11
  2006 | D:3      | Reached skill level 1 in Conjurations
  2006 | D:3      | Reached skill level 1 in Hexes
  2006 | D:3      | Reached skill level 1 in Summonings
  2006 | D:3      | Reached skill level 1 in Necromancy
  2006 | D:3      | Reached skill level 1 in Transmutations
  2006 | D:3      | Reached skill level 1 in Fire Magic
  2006 | D:3      | Reached skill level 1 in Ice Magic
  2006 | D:3      | Reached skill level 1 in Air Magic
  2006 | D:3      | Reached skill level 1 in Earth Magic
  2006 | D:3      | Reached skill level 1 in Poison Magic
  2814 | D:4      | Found a radiant altar of Vehumet.
  2814 | D:4      | Found a snail-covered altar of Cheibriados.
  2836 | D:4      | Reached XP level 5. HP: 27/43 MP: 12/12
  2882 | D:4      | Reached XP level 6. HP: 4/50 MP: 13/13
  2895 | D:4      | HP: 1/50 [scorpion (3)]
  2902 | D:4      | Slain by a quokka zombie

Illustrated notes

Levels and vault maps discovered:
D:1:      lemuel_arrival_lava_pool, layout_basic,
          shapermc_ecumenical_altar_venn, chequers_avenue,
          corexii_leaking_fountain
D:2:      layout_loops_ring, item_on_display_a
D:3:      layout_basic, serial_glass, glass_columns_a, glass_columns_a,
          minmay_cupped
D:4:      cheibrodos_barr_body, layout_cave_pods,
          chequers_temple_overflow_statue_of_worship, serial_undead,
          serial_undead_f, serial_undead_c, serial_undead_d, serial_undead_b,
          serial_undead_b, uniq_ijyb

Skill      XL: |  1  2  3  4  5 |
---------------+----------------+-----
Spellcasting   | 5 |  5.3
Short Blades   | 1 |  1.7
Axes           | 1 |  1.7
Maces & Flails | 1 |  1.7
Polearms       | 1 |  1.7
Staves         | 1 |  1.7
Slings         | 1 |  1.7
Bows           | 1 |  1.7
Crossbows      | 1 |  1.7
Stealth        | 1 |  1.7
Shields        | 1 |  1.7
Unarmed Combat | 1 |  1.7
Invocations    | 1 2 |  2.0
Evocations     | 1 |  1.7
Conjurations   | 1 |  1.3
Hexes          | 1 |  1.3
Summonings     | 1 |  1.3
Necromancy     | 1 |  1.3
Transmutations | 1 |  1.3
Fire Magic     | 1 |  1.3
Ice Magic      | 1 |  1.3
Air Magic      | 1 |  1.3
Earth Magic    | 1 |  1.3
Poison Magic   | 1 |  1.3
Throwing       | 3 |  3.1
Armour         | 3 |  3.1
Fighting       | |  4.9
Long Blades    | |  4.9
Dodging        | |  4.9
Translocations | |  5.6

Action                   |  1- 3 |  4- 6 || total
-------------------------+-------+-------++-------
Melee: Hand axe          |    53 |    60 ||   113
       Bite              |     6 |    12 ||    18
       Falchion          |     1 |       ||     1
       Short sword       |       |    59 ||    59
  Use: Scroll            |       |     4 ||     4
       Potion            |       |     1 ||     1
Armor: Leather armour    |    13 |    13 ||    26
       Chain mail        |       |    63 ||    63
Dodge: Dodged            |    36 |    64 ||   100
